Map: Oxide LE

Players

Melody - Winner!

  • Race: Zerg Zerg
  • League: Grandmaster
  • Spawn Location: 1:00

TerribleOne

  • Race: Terran Terran
  • League: Grandmaster
  • Spawn Location: 7:00

VOD

Have the link to the VOD?

Description

ZvT vs 5.8k terran

Time

  • Played on: Oct. 21, 2020, 3:44 p.m.
  • Length: 17:05
Show
View Real Time Build Order
Export as new Build Order

Melody Zerg - Winner!

Build Orders: Hatch First 

Get SALT Encoding   

  12  0:00  Drone  
  13  0:12  Overlord  
  13  0:16  Drone  
  14  0:30  Drone x2  
  16  0:47  Hatchery  
  15  0:51  Drone  
  15  0:54  Drone  
  17  0:57  Drone  
  18  1:08  Extractor  
  17  1:13  Spawning Pool  
  17  1:16  Drone  
  17  1:18  Drone  
  18  1:27  Drone  
  19  1:38  Overlord  
  19  1:49  Drone  
  20  2:00  Zergling x4, Queen x2  
  26  2:10  Drone  
  26  2:11  Drone  
  26  2:12  Metabolic Boost  
  28  2:29  Hatchery  
  27  2:31  Drone  
  27  2:34  Drone  
  29  2:41  Drone  
  29  2:43  Queen  
  32  2:48  Overlord  
  32  2:56  Drone x2  
  32  2:58  Overlord  
  34  3:03  Overlord  
  34  3:11  Drone x2  
  36  3:16  Drone x4  
  40  3:22  Drone  
  40  3:24  Queen  
  43  3:27  Drone  
  43  3:33  Drone  
  45  3:40  Drone  
  45  3:41  Queen  
  46  3:42  Overlord  
  46  3:43  Drone x2  
  46  3:48  Drone x2  
  52  3:49  Drone  
  52  3:55  Extractor  
  52  3:59  Drone x2  
  52  4:00  Evolution Chamber x2, Drone  
  52  4:05  Queen  
  54  4:10  Drone, Baneling Nest  
  54  4:16  Drone x3  
  57  4:20  Queen  
  59  4:25  Overlord  
  59  4:28  Zergling x2  
  59  4:29  Zergling x6  
  63  4:33  Zerg Ground Armor Level 1  
  63  4:38  Zerg Melee Weapons Level 1  
  63  4:41  Drone  
  63  4:45  Zergling x12  
  70  4:53  Zergling x6  
  70  4:57  Baneling x3  
  70  4:58  Baneling x2  
  71  5:01  Baneling  
  71  5:02  Zergling x8  
  73  5:08  Queen  
  73  5:11  Zergling x4  
  73  5:18  Drone x4  
  72  5:24  Queen  
  73  5:42  Drone x6  
  73  5:49  Drone  
  73  5:54  Overlord  
  71  5:58  Drone x4  
  71  6:02  Lair  
  71  6:04  Drone  
  74  6:05  Overlord  
  74  6:08  Overlord  
  74  6:11  Hatchery  
  73  6:17  Drone x3  
  73  6:18  Drone x2  
  77  6:19  Hatchery  
  77  6:20  Extractor  
  77  6:21  Extractor  
  77  6:22  Extractor  
  77  6:24  Zergling x10  
  77  6:33  Drone x2  
  77  6:34  Drone  
  77  6:35  Drone x4  
  84  6:43  Drone  
  84  6:44  Overlord  
  85  6:48  Drone  
  85  6:49  Drone x2, Extractor  
  85  6:53  Drone  
  88  7:01  Zergling x10  
  86  7:18  Drone x2  
  86  7:19  Drone x3  
  86  7:20  Centrifical Hooks  
  86  7:21  Hydralisk Den  
  87  7:23  Queen  
  87  7:26  Zergling x2, Drone x6  
  87  7:27  Zergling x2  
  97  7:33  Drone  
  97  7:34  Drone x3  
  101  7:39  Zerg Ground Armor Level 2  
  101  7:40  Zerg Melee Weapons Level 2  
  101  7:52  Grooved Spines, Hydralisk x6  
  101  7:54  Zergling x6  
  101  7:56  Baneling x4  
  101  7:57  Overseer  
  116  7:59  Zergling x4  
  116  8:05  Baneling  
  118  8:12  Zergling x2  
  117  8:15  Overlord  
  106  8:24  Zergling x16  
  106  8:33  Drone x3  
  109  8:38  Overseer, Hydralisk x3  
  109  8:39  Zergling x2, Hydralisk  
  118  8:41  Baneling  
  118  8:42  Overlord x3, Baneling x3  
  115  8:53  Overlord  
  115  8:54  Overlord  
  115  8:55  Baneling x5  
  107  8:56  Zergling x18  
  107  8:59  Zergling x4  
  107  9:01  Overseer  
  117  9:05  Zergling x2  
  117  9:06  Zergling x6  
  117  9:07  Zergling x2  
  117  9:08  Zergling x4  
  117  9:09  Baneling x7  
  124  9:19  Zergling x2  
  124  9:20  Zergling x12  
  124  9:30  Zergling x2  
  124  9:31  Zergling x10  
  113  9:35  Zergling x2  
  113  9:36  Zergling x6  
  112  9:38  Zergling x6  
  112  9:41  Zergling x6  
  111  9:47  Infestation Pit, Zergling x10  
  111  9:49  Baneling x16  
  111  9:50  Hydralisk x2  
  111  9:52  Hydralisk  
  120  10:02  Zergling x16  
  120  10:04  Baneling  
  120  10:05  Baneling x5  
  120  10:06  Zergling x4  
  130  10:09  Muscular Augments  
  130  10:15  Zergling x16  
  134  10:25  Zergling x12  
  124  10:28  Zergling x2  
  124  10:29  Zergling x4  
  124  10:32  Hive  
  124  10:33  Hydralisk x2  
  129  10:39  Zergling x10  
  121  10:46  Hydralisk x4  
  121  10:51  Hydralisk x2  
  112  11:05  Hydralisk x2  
  116  11:17  Hydralisk x2  
  117  11:22  Queen  
  115  11:27  Drone x3, Extractor  
  115  11:28  Drone x3  
  115  11:29  Extractor  
  119  11:33  Hydralisk x2  
  119  11:34  Zergling x8  
  119  11:37  Baneling x5  
  119  11:39  Zergling x4  
  129  11:41  Baneling x3  
  129  11:43  Baneling x3  
  129  11:46  Hatchery  
  129  11:47  Drone x3  
  131  11:52  Baneling x6  
  131  11:55  Zergling x4  
  131  11:57  Adrenal Glands  
  131  12:00  Extractor  
  130  12:15  Zergling x24  
  125  12:20  Overlord  
  123  12:23  Overseer  
  123  12:24  Zerg Melee Weapons Level 3  
  123  12:28  Zerg Ground Armor Level 3  
  123  12:32  Overlord x2  
  123  12:42  Baneling x5  
  123  12:45  Overlord  
  123  12:47  Overlord  
  123  12:50  Baneling x2  
  123  12:51  Baneling  
  123  12:54  Zergling x20  
  123  12:57  Zergling x6  
  117  13:03  Hydralisk x2  
  106  13:08  Zergling x4  
  103  13:14  Hydralisk  
  103  13:16  Viper  
  103  13:17  Viper  
  111  13:21  Viper  
  114  13:40  Ultralisk Cavern, Drone x8  
  114  13:41  Drone x2  
  123  13:44  Drone x3  
  123  13:48  Baneling x10  
  126  14:05  Zergling x26  
  126  14:07  Drone x2  
  139  14:18  Zergling x16  
  142  14:24  Zergling x12  
  142  14:29  Chitinous Plating  
  133  14:37  Ultralisk  
  139  14:41  Ultralisk  
  145  14:46  Ultralisk  
  145  14:52  Baneling x6  
  135  15:15  Drone x4  
  135  15:16  Ultralisk x2  
  151  15:25  Ultralisk  
  152  15:37  Baneling  
  152  15:38  Baneling x7  
  152  15:39  Overlord x3  
  152  15:44  Baneling x3  
  152  15:45  Baneling  
  152  15:48  Anabolic Synthesis, Hydralisk  
  152  15:49  Zergling x2  
  148  16:00  Hydralisk x2  
  148  16:01  Zergling x2  
  148  16:02  Zergling x38  
  171  16:13  Ultralisk  
  171  16:16  Zergling x6  
  180  16:21  Spire  
  119  16:42  Drone x3  
  137  16:53  Hatchery  
Show
View Real Time Build Order
Export as new Build Order

TerribleOne Terran 

Build Orders:  

Get SALT Encoding   

  12  0:00  SCV  
  13  0:12  SCV  
  14  0:18  Supply Depot  
  14  0:25  SCV  
  15  0:43  SCV  
  15  0:48  Barracks  
  15  0:49  Refinery  
  16  0:56  SCV  
  17  1:08  SCV  
  18  1:20  SCV  
  20  1:35  Orbital Command, Marine  
  20  1:48  Command Center  
  20  1:56  Marine  
  20  1:58  Supply Depot  
  21  2:03  SCV  
  22  2:15  SCV  
  23  2:19  Marine  
  23  2:21  Factory  
  24  2:27  SCV  
  25  2:39  SCV  
  26  2:48  Command Center  
  26  2:51  SCV  
  27  3:02  Orbital Command  
  27  3:03  SCV  
  28  3:06  Refinery  
  28  3:09  Barracks Reactor  
  28  3:10  Hellion  
  30  3:16  SCV  
  31  3:23  Starport  
  31  3:28  SCV  
  31  3:29  SCV  
  31  3:32  Hellion  
  35  3:40  SCV  
  35  3:41  SCV  
  37  3:53  SCV  
  37  3:55  Marine  
  38  3:56  Armory, SCV  
  38  3:59  Medivac  
  38  4:01  Orbital Command  
  42  4:05  SCV, Hellion  
  42  4:07  Hellion  
  47  4:10  SCV  
  47  4:13  Marine  
  49  4:18  SCV, Supply Depot  
  49  4:22  SCV, Orbital Command  
  51  4:26  Hellion  
  51  4:28  Hellion  
  51  4:30  SCV  
  56  4:33  Barracks Tech Lab  
  56  4:34  SCV  
  56  4:37  Liberator  
  60  4:42  SCV, Supply Depot  
  61  4:46  SCV  
  61  4:47  Hellion  
  61  4:48  SCV  
  61  4:50  Hellion  
  64  5:03  SCV x3  
  67  5:13  Stimpack, Barracks  
  67  5:14  Marine, Barracks  
  67  5:15  SCV x2  
  54  5:25  Medivac  
  54  5:26  Hellion x2  
  60  5:32  SCV x2  
  60  5:33  Marine  
  55  5:50  Hellion x2  
  57  6:02  SCV  
  57  6:03  SCV  
  59  6:06  Barracks Reactor x2, Marine  
  59  6:07  Medivac  
  59  6:08  SCV  
  59  6:10  Engineering Bay  
  62  6:11  Refinery  
  62  6:12  Engineering Bay, Refinery  
  62  6:15  SCV x2  
  62  6:16  Hellion x2  
  68  6:20  SCV  
  68  6:24  Marine  
  70  6:27  SCV x2  
  70  6:32  SCV  
  70  6:33  Supply Depot  
  70  6:36  Barracks  
  70  6:38  Terran Infantry Weapons Level 1, Terran Infantry Armor Level 1  
  70  6:39  SCV x2  
  72  6:40  Barracks  
  72  6:42  Marine  
  72  6:44  SCV, Marine x3  
  72  6:46  Starport Reactor  
  77  6:52  Marine  
  77  6:53  SCV x2, Widow Mine x2  
  77  6:54  Factory  
  84  6:56  SCV  
  84  7:00  Marine  
  86  7:02  Marine x3  
  89  7:14  SCV x2, Hellion x2  
  89  7:20  Marine x3  
  89  7:21  SCV  
  93  7:28  Supply Depot  
  93  7:29  Supply Depot, Command Center  
  93  7:34  Barracks Reactor x2  
  93  7:37  Refinery  
  93  7:38  Refinery, Factory Tech Lab  
  93  7:42  Combat Shield  
  93  7:46  SCV x3, Marine x4  
  93  7:48  Supply Depot  
  93  7:50  Supply Depot  
  100  7:53  Marine  
  100  7:54  Widow Mine x2  
  100  7:58  SCV x3  
  108  8:01  Siege Tank  
  108  8:03  Marine x4  
  115  8:10  SCV x3  
  115  8:11  Marine  
  119  8:15  Marine x2  
  119  8:16  Marine  
  119  8:17  Widow Mine x2  
  119  8:21  Marine  
  104  8:27  SCV  
  104  8:28  SCV x2  
  103  8:34  Barracks x2, Siege Tank  
  103  8:37  Supply Depot  
  103  8:38  Barracks  
  103  8:41  Marine x7  
  106  8:42  Widow Mine x2  
  106  8:43  Drilling Claws  
  117  8:56  Marine x2  
  117  8:58  Medivac x2  
  117  8:59  Marine x5  
  124  9:04  Widow Mine x2  
  124  9:06  Widow Mine  
  130  9:12  Terran Infantry Armor Level 2, Terran Infantry Weapons Level 2  
  130  9:13  Marine x2  
  130  9:14  Marine x2  
  130  9:17  Marine x2  
  131  9:25  Widow Mine x2  
  131  9:28  Widow Mine  
  131  9:29  Marine  
  131  9:30  Marine x2  
  132  9:34  Marine x3  
  132  9:35  Medivac, Marine x2  
  132  9:36  Medivac  
  127  9:44  Barracks Tech Lab x3  
  111  9:46  Widow Mine  
  111  9:47  Planetary Fortress, Widow Mine  
  111  9:50  SCV x3  
  112  9:59  Marine x7  
  112  10:00  Widow Mine  
  112  10:02  SCV x2  
  112  10:06  SCV, Factory  
  123  10:07  Terran Vehicle Weapons Level 1  
  123  10:08  Widow Mine  
  123  10:09  Supply Depot  
  125  10:14  SCV x2  
  109  10:27  Marine  
  109  10:28  Marine x10  
  99  10:36  Marine  
  99  10:38  Widow Mine x2  
  99  10:40  Siege Tank  
  89  10:45  Marine x4  
  89  10:46  Marine x2  
  89  10:48  Marine  
  89  10:49  Marine x3  
  94  10:54  Marine  
  94  10:55  Marine  
  85  10:58  Medivac x2  
  85  11:00  SCV x3  
  85  11:03  Marine x3  
  90  11:08  Marine  
  91  11:12  SCV x3  
  91  11:18  Orbital Command  
  92  11:24  SCV x3, Factory Tech Lab  
  86  11:31  Marine x5  
  91  11:36  SCV x3  
  91  11:38  Siege Tank  
  97  11:48  SCV x3  
  97  11:49  SCV  
  97  11:52  Marine, Siege Tank  
  97  11:53  Marine  
  106  12:00  SCV x2  
  110  12:01  SCV, Terran Infantry Weapons Level 3  
  110  12:12  SCV  
  110  12:13  SCV  
  94  12:19  Marine x12  
  95  12:23  SCV  
  95  12:24  SCV  
  95  12:29  SCV  
  98  12:35  SCV  
  98  12:36  SCV, Siege Tank  
  98  12:37  Marine  
  103  12:42  SCV  
  109  12:46  Supply Depot  
  109  12:47  SCV  
  106  12:55  Command Center  
  103  13:04  Marine x5  
  106  13:12  Marine x3  
  107  13:13  Medivac x2  
  107  13:16  SCV x2  
  107  13:19  Siege Tank  
  115  13:22  Terran Vehicle Weapons Level 2  
  115  13:23  Supply Depot  
  115  13:24  Supply Depot  
  115  13:31  Siege Tank  
  106  13:34  Marine  
  106  13:35  Marine x6  
  106  13:38  SCV  
  106  13:39  SCV x2  
  115  13:43  Terran Infantry Armor Level 3  
  115  13:45  Medivac x2  
  115  13:46  Marauder  
  115  13:47  Marauder  
  123  13:53  Marine  
  123  13:54  Siege Tank  
  127  14:01  SCV x2  
  129  14:03  Marauder x2  
  129  14:07  Siege Tank  
  135  14:18  Marine x2  
  135  14:19  Marauder x2  
  140  14:26  Marine x2  
  136  14:31  Marine  
  136  14:32  Marauder, Marine x2  
  136  14:33  Widow Mine, Siege Tank  
  136  14:34  Medivac  
  136  14:36  Planetary Fortress  
  148  14:48  Sensor Tower  
  148  14:49  Sensor Tower  
  148  14:54  Missile Turret  
  148  14:58  SCV x2  
  150  15:03  Marine x2  
  150  15:04  Marauder x2  
  156  15:07  Marine  
  156  15:08  Marine  
  156  15:20  Marauder, Marine x2  
  156  15:26  Command Center  
  156  15:28  Marine x2  
  156  15:32  SCV  
  156  15:53  Supply Depot  
  156  15:57  SCV x2, Medivac, Marine x2, Widow Mine  
  156  16:04  Marine  
  164  16:05  SCV  
  164  16:07  Marine  
  164  16:14  Marine  
  164  16:15  Marauder x2, Missile Turret x2, Siege Tank  
  172  16:19  Missile Turret  
  172  16:20  Supply Depot  
  172  16:22  Marine  
  171  16:26  Marauder x2  
  171  16:27  Siege Tank  
  153  16:36  Marauder x2  
  153  16:39  Marine  
  138  16:40  Marine x2  
Tags
 
Add a new tag
Caveats
  • Supply blocks, unpowered buildings, or Contaminate may cause inaccurate times.
  • Supply counts are checked every 10 seconds.